 Dungeon Crawl Stone Soup version 0.32-a0-938-g40ac7a0f4d (webtiles) character file.

Game seed: 12003687898784416067

32 growler the Trooper (level 3, -21/29 HPs)
             Began as a Demonspawn Gladiator on Apr 7, 2024.
             Demolished by an ogre
             ... wielding a +0 giant club
              (29 damage)
             ... on level 2 of the Dungeon on Apr 15, 2024.
             The game lasted 00:03:29 (1604 turns).

growler the Trooper (Demonspawn Gladiator)          Turns: 1604, Time: 00:03:29

Health: -21/29     AC:  4    Str: 14    XL:     3   Next: 8%
Magic:  3/3        EV: 11    Int: 10    God:
Gold:   86         SH:  0    Dex: 14    Spells: 2/2 levels left

rFire   . . .        a - +0 flail
rCold   . . .        (no shield)
rNeg    . . .        b - +0 leather armour
rPois   .            c - +0 helmet
rElec   .            (no cloak)
rCorr   .            (no gloves)
SInv    .            (no boots)
Will    .....        (no amulet)
Stlth   +            (no ring)
HPRegen 0.24/turn    (no ring)
MPRegen 0.08/turn

%: no passive effects
@: no status effects
A: ignite blood 1
a: no special abilities


You were on level 2 of the Dungeon.
You visited 1 branch of the dungeon, and saw 2 of its levels.

You collected 86 gold pieces.

Inventory:

Hand Weapons
 a - a +0 flail (weapon)
Missiles
 e - a javelin
Armour
 b - a +0 leather armour (worn)
 c - a +0 helmet (worn)
Scrolls
 h - a scroll of amnesia {unknown}
 j - a scroll of fear {unknown}
Potions
 f - a potion of enlightenment {unknown}
 g - a potion of mutation {unknown}
 i - a potion of invisibility {unknown}


   Skills:
 + Level 3.6 Fighting
 - Level 2.6 Maces & Flails
 - Level 1.7 Throwing
 - Level 2.6 Dodging


You had 2 spell levels left.
You didn't know any spells.
Your spell library contained the following spells:

 Spells                   Type           Power      Damage    Failure   Level
 Jinxbite                 Hex            0%         N/A       58%         2
 Yara's Violent Unravell  Hex/Alch       0%         3d3       100%        5
 Enfeeble                 Hex            0%         N/A       100%        7


Dungeon Overview and Level Annotations

Branches:
Dungeon (2/15)

Altars:


Innate Abilities, Weirdness & Mutations

Your demonic aura sometimes causes spilled blood to erupt in flames.


Message History

You see here a frilled lizard corpse.
You see here a frilled lizard corpse.
The ogre shouts!
The ogre barely misses you.
You don't know any spells.
Unknown command.
Throw: 3 throwing nets
Press: ? - help, Q - select action, (/) - cycle Shift-Dir - straight line, f - ogre
Aim: an ogre, wielding a +0 giant club (72% to hit)
You throw a throwing net.
The throwing net barely misses the ogre.
The ogre hits you with a +0 giant club!
Throw: 2 throwing nets
Press: ? - help, Q - select action, (/) - cycle Shift-Dir - straight line, f/p - ogre
Aim: an ogre, wielding a +0 giant club (72% to hit)
You throw a throwing net.
The throwing net barely misses the ogre.
Throw: throwing net
Press: ? - help, Q - select action, (/) - cycle Shift-Dir - straight line, f/p - ogre
Aim: an ogre, wielding a +0 giant club (72% to hit)
You throw a throwing net.
The throwing net barely misses the ogre.
The ogre closely misses you.
You hit the ogre.
The ogre is lightly wounded.
The ogre closely misses you.
You sock the ogre!
The ogre is heavily wounded.
You sock the ogre!
The ogre is almost dead.
The ogre misses you.
You hit the ogre.
The ogre is almost dead.
The ogre hits you with a +0 giant club!
* * * LOW HITPOINT WARNING * * *
You hit the ogre.
The ogre is almost dead.
The ogre hits you with a +0 giant club!!
Ouch! That really hurt!
You die...

#.#.# #. ..# #.#)# ..
..# #.#.# # #. #.#
###.# #.#. ##.## #.#
#.#.###...# #.#
.........# #<#
#.#.###...###########
#...@..†.............
###O#####.........###
#. ###.#######.# ..
#...# #.# .#. #.###
#.# .... #.# #.# ##
#...#.# #.# #...#.#
#.# #...#.# #.#


You could see an ogre.

Vanquished Creatures
  A bat (D:1)
  6 endoplasms
  A giant cockroach (D:1)
  3 goblins
  2 jackals (D:2)
  2 quokkas
  2 ball pythons (D:1)
  3 frilled lizards
  5 kobolds
  2 rats
  A spectral goblin (D:2)
28 creatures vanquished.

Notes
Turn   | Place    | Note
-------+----------+-------------------------------------------
     0 | D:1      | growler the Demonspawn Gladiator began the quest for the
                  | Orb.
     0 | D:1      | Reached XP level 1. HP: 16/16 MP: 1/1
   174 | D:1      | Gained mutation: Your demonic aura sometimes causes spilled
                  | blood to erupt in flames. [demonic ancestry]
   174 | D:1      | Reached XP level 2. HP: 23/23 MP: 2/2
   182 | D:1      | Reached skill level 3 in Fighting
   268 | D:1      | Upgraded the game from 0.32-a0-913-g739538afd8 to
                  | 0.32-a0-938-g40ac7a0f4d
   841 | D:2      | Noticed an ogre
   991 | D:2      | Reached XP level 3. HP: 29/29 MP: 3/3
  1144 | D:2      | Found a faded altar of an unknown god.
  1604 | D:2      | Demolished by an ogre

Illustrated notes

Levels and vault maps discovered:
D:1:      amcnicky_arrival_gap_in_the_tavern_cellar, layout_loops_ring,
          minmay_misc_feat_x, st_stairs_9
D:2:      layout_basic, dreamdust_ecumenical_altar_drowned_temple

Skill      XL: |  1  2 |
---------------+-------+-----
Fighting       | 3 |  3.6
Maces & Flails | |  2.6
Throwing       | |  1.7
Dodging        | |  2.6

Action                     || total
---------------------------++-------
  Melee: Flail             ||    74
  Throw: Throwing net      ||     3
 Armour: Leather armour    ||    57
  Dodge: Dodged            ||    56

Table legend: (Time is in decaauts)
 A = Elapsed time spent in this place.
 B = Non-inter-level travel time spent in this place.
 C = Inter-level travel time spent in this place.
 D = Time resting spent in this place.
 E = Time spent auto-exploring this place.
 F = Levels seen in this place.
 G = Mean time per level.
                   A        B        C        D        E       F      G
               +--------+--------+--------+--------+--------+-----+--------+
         Total |   1629 |   1602 |     27 |      0 |   1325 |   2 |  814.5 |
       Dungeon |   1629 |   1602 |     27 |      0 |   1325 |   2 |  814.5 |
               +--------+--------+--------+--------+--------+-----+--------+

Top non-repeatable levels by time:
     D:2: 829 daAuts
     D:1: 800 daAuts
